 Dungeon Crawl Stone Soup version 0.29.1-13-g9f3cf754e1 (webtiles) character file.

Game seed: 12699691626199375056

0 croobank the Sneak (level 1, -1/16 HPs)
             Began as an Octopode Delver on Feb 7, 2023.
             Slain by Pikel
             ... wielding a +2 whip of freezing
              (4 damage)
             ... on level 4 of the Dungeon.
             The game lasted 00:01:09 (164 turns).

croobank the Sneak (Octopode Delver)                 Turns: 164, Time: 00:01:10

Health: -1/16      AC:  1    Str:  8 (11) XL:     1   Next: 10%
Magic:  1/1        EV: 13    Int:  9 (12) God:
Gold:   31         SH:  0    Dex: 12 (13) Spells: 0/0 levels left

rFire   . . .      SeeInvis .   a - +0 hand axe
rCold   . . .      Faith    .   (no shield)
rNeg    . . .      Spirit   .   (helmet restricted)
rPois   .          Reflect  .   (no amulet)
rElec   .          Harm     .   (no ring)
rCorr   .          Rampage  .   (no ring)
Will    .....                   (no ring)
Stlth   ++++......              (no ring)
HPRegen 0.05/turn               (no ring)
MPRegen 0.07/turn               (no ring)
                                (no ring)
                                (no ring)

@: hasted (expiring), very quick
A: almost no armour, amphibious, 8 rings, camouflage 1, gelatinous body 1,
(nimble swimmer 1), tentacles
a: no special abilities


You were on level 4 of the Dungeon.
You visited 1 branch of the dungeon, and saw 2 of its levels.

You collected 31 gold pieces.

Inventory:

Hand Weapons
 a - a +0 hand axe (weapon)
Wands
 f - a wand of digging (3)
Scrolls
 b - a scroll of fog
Potions
 c - a potion of brilliance
 e - 2 potions of haste


   Skills:
 + Level 3.0 Fighting
 + Level 2.0 Axes
 + Level 2.0 Dodging
 + Level 6.6 Stealth


You couldn't memorise any spells.
You didn't know any spells.
Your spell library contained the following spells:

 Spells                   Type           Power      Damage    Failure   Level
 Sting                    Tmut/Pois      0%         1d3       38%         1
 Poisonous Vapours        Pois/Air       0%         N/A       52%         2
 Olgreb's Toxic Radiance  Pois           0%         N/A       99%         4


Dungeon Overview and Level Annotations

Branches:
Dungeon (5/15)             Temple (0/1) D:5

Altars:

Annotations:
D:4 Pikel


Innate Abilities, Weirdness & Mutations

You cannot wear most types of armour.
You are amphibious.
You can wear up to eight rings at the same time.
Your skin changes colour to match your surroundings (Stealth+).
Your rubbery body absorbs attacks. (AC +1, EV +1)
((You are camouflaged when in or above water. (Stealth+)))
You have tentacles for arms and can constrict up to eight enemies at once.


Message History

Found 11 gold pieces.
Found a scroll labelled NYDDEA XURAYLU.
There is an open door here.
You close the door.
A lemure breaks down the door.
An endoplasm comes into view.
You see here a scroll labelled NYDDEA XURAYLU.
You see here a scroll labelled NYDDEA XURAYLU.
h - a scroll labelled NYDDEA XURAYLU The endoplasm quivers.
You hit the endoplasm.
The endoplasm is severely wounded.
The endoplasm misses you. The endoplasm freezes you.
You are frozen.
Pikel says, "I'm sure the Orcish Mines are around here somewhere..."
The lemure hits you!
Ouch! That really hurt!
* * * LOW HITPOINT WARNING * * *
The air fills with toxic fumes!
As you read the scroll labelled WOFOIREECK, it crumbles to dust.
It was a scroll of poison.
Okay, then.
As you read the scroll labelled NYDDEA XURAYLU, it crumbles to dust.
It is a scroll of identify.
c - a potion of brilliance Pikel says, "You'll make a fine lemure."
The endoplasm hits you but does no damage.
It was a potion of degeneration.
There was something very wrong with that liquid.
You feel weakened.
You feel dopey.
You feel clumsy.
Your extra speed is starting to run out.
The endoplasm freezes you.
You are frozen.
* * * LOW HITPOINT WARNING * * *
You hit the endoplasm.
You kill the endoplasm!
You completely miss Pikel.
Pikel hits you with a +2 whip of freezing.
You die...

########
#§§§§§§#
#§§§§§§#
#§§§§§§#
#§§§§§§#
###+###@.5§§§#
#....##§K§§§§#
#.....+5§§§§§#
#....##§§§§§§#
#....##§§§§§§#
#.....§§§§§§§#
#.....§§§§§§§#
#.$...§§§§§§§#
#....##......#


You could see Pikel and 2 lemures.

Vanquished Creatures
  An endoplasm (D:4)
  A ball python (D:4)
2 creatures vanquished.

Notes
Turn   | Place    | Note
-------+----------+-------------------------------------------
     0 | D:5      | croobank the Octopode Delver began the quest for the Orb.
     0 | D:5      | Reached XP level 1. HP: 16/16 MP: 1/1
     1 | D:5      | Noticed an orc priest
     2 | D:5      | Noticed an orc wizard
     3 | D:5      | Noticed a necrophage
    50 | D:5      | Noticed an ogre
   115 | D:4      | Noticed a lemure
   115 | D:4      | Noticed a lemure
   116 | D:4      | Noticed Pikel
   116 | D:4      | Noticed a lemure
   117 | D:4      | Noticed a lemure
   164 | D:4      | Slain by Pikel

Illustrated notes

Levels and vault maps discovered:
D:4:      black_bear_nest_1, layout_gridville, minmay_goblin_kobold_house,
          uniq_pikel
D:5:      layout_cave_pools, minmay_temple_entry_wispy, kennysheep_small_square

Action                   || total
-------------------------++-------
Melee: Hand axe          ||     3
  Use: Scroll            ||     4
       Potion            ||     2
 Stab: Distracted        ||     1
Armor: Skin              ||     1
Dodge: Dodged            ||     1
